Meeble, chaotic male elven Priest --- ---..| --.)..-- |.)...... --[%)..... |).%%..- --%..)-- -.....| -..)... ....... ....... ...)... ..u@.-- ....q- ..... -.. Meeble the Adept Experience level: 6 Strength: 14 Dexterity: 13 Constitution: 13 Intelligence: 11 Wisdom: 20 Charisma: 8 Health: 0(44) Energy: 55(89) Def: 7 Gold: 836 Moves: 3146 Dungeon seed: no6kEaBt3RnS743V Game ID: Meeble_1614823963 Your Inventory: Coins $ - 836 gold pieces Amulets p - an amulet versus poison Weapons a - a blessed corroded +1 mace (weapon in hand) v - 5 +0 daggers B - 12 +0 arrows (in quiver) C - a +0 bow (alternate weapon; not wielded) E - 15 +0 darts Armor e - a +0 robe (being worn) n - a +0 small shield (being worn) r - a blessed +0 orcish helm A - a +0 pair of iron shoes (being worn) F - a +0 elven shield Q - a +0 dwarvish iron helm (being worn) Comestibles c - a clove of garlic j - 3 food rations o - a candy bar t - 4 tripe rations X - 2 carrots Scrolls m - a scroll of create monster I - a scroll of fire S - a blessed scroll of blank paper T - 2 scrolls of blank paper U - a cursed scroll of blank paper Spellbooks f - a spellbook of healing g - a spellbook of extra healing N - a spellbook of healing Potions b - 3 potions of holy water i - a potion of gain ability l - a cursed potion of healing u - a potion of water P - a potion of booze W - a potion of fruit juice Z - a potion of restore ability Tools k - a magic whistle G - a skeleton key H - a skeleton key K - 6 tallow candles (0:200) M - a partly used tallow candle (lit) (0:83) O - a tin whistle Gems q - a worthless piece of green glass w - 3 worthless pieces of black glass x - a worthless piece of yellow glass y - a worthless piece of orange glass z - 2 worthless pieces of red glass L - an agate stone Y - a garnet stone Spells and supernatural/magical abilities: Name Level Category Fail Memory h - healing 1 healing 0% 85% x - extra healing 3 healing 57% 85% W - pray for help -- divine ? -- X - turn undead -- divine ? -- Your skills at the end: Fighting Skills Weapon Skills mace [Basic] Spellcasting Skills clerical spells [Basic] Final Attributes: You were piously aligned. You were sleep resistant. You had infravision. You are dead. Vanquished creatures: a fog cloud a shrieker 5 gnome lords a black naga hatchling a paper golem a giant ant a kitten 5 dwarves a kobold lord a rothe a giant bat a monkey 2 orc zombies 3 dwarf zombies 2 wererats an acid blob a hobbit 2 manes 2 giant rats a yellow mold a green mold 16 gnomes 7 geckos 4 jackals a fox 2 goblins 7 sewer rats 8 grid bugs a bat 3 lichens a kobold zombie 8 newts 93 creatures vanquished. Voluntary challenges: You used a wielded weapon 144 times, starting on turn 66. You read items or engraved 4 times, starting on turn 309. You never genocided any monsters. You never polymorphed an object. You never changed form. You used no wishes. You never split a pudding. You never wrote Elbereth's name. You never violated your personal moral code. Dungeon overview: The Dungeons of Doom: levels 1 to 6 Level 1 an altar to Tyr, a fountain a long staircase Level 2 a general store, a fountain, a sink Level 3 some fountains stairs to The Gnomish Mines Level 4 a fountain Level 5 Level 6 The Gnomish Mines: levels 4 to 5 Level 4 stairs to The Dungeons of Doom Level 5 <- You were here History has recorded: On T:1 you entered the Dungeons of Doom to retrieve the Amulet of Yendor! On T:304 you reached level 2 of The Dungeons of Doom. On T:633 you advanced to experience level 2. On T:721 you reached level 3 of The Dungeons of Doom. On T:889 you advanced to experience level 3. On T:1030 you reached level 4 of The Dungeons of Doom. On T:1359 you reached level 5 of The Dungeons of Doom. On T:1379 you advanced to experience level 4. On T:1736 you reached level 6 of The Dungeons of Doom. On T:1852 you advanced to experience level 5. On T:2286 you reached level 1 of The Gnomish Mines. On T:2589 you advanced to experience level 6. On T:2988 you reached level 2 of The Gnomish Mines. Score breakdown: Gold: 836 ( 9942 points) Experience: 6 levels (12456 points) Exploration: 6 levels ( 12.24%) ( 9682 points) Discoveries: 9 items ( 3.14%) ( 5312 points) Valuables value: (no points given unless you survive) Artifact value: 0 ( 0 points) Variety of kills: 32 monsters ( 8.40%) ( 8694 points) Turncount: 3146 turns ( -670 points) Survival: died (score multiplied by 80%) Total score: 36332 Latest messages: The rothe hits! The rothe bites! (2x) The rothe hits! The rothe misses. The rothe bites! You feel better. You feel better. The rothe hits! The rothe bites! (2x) You hit the rothe. The rothe hits! The rothe misses. (3x) The rothe bites! (2x) You hit the rothe. (2x) The rothe hits! The rothe bites! The rothe misses. You miss the rothe. The rothe hits! The rothe bites! (2x) The rothe hits! You die... Final status: Goodbye Meeble the Priest, killed by a rothe... You died in The Gnomish Mines on dungeon level 5 with 36332 points, and 836 pieces of gold, after 3146 moves. You were level 6 with a maximum of 44 hit points when you died.